Map: Cerulean Fall LE

Players

Yocto - Winner!

  • Race: Zerg Zerg
  • Spawn Location: 7:00

MoTbKa

  • Race: Terran Terran
  • League: Platinum
  • Spawn Location: 1:00

VOD

Have the link to the VOD?

Description

Time

  • Played on: Dec. 16, 2018, 10:58 a.m.
  • Length: 6:21
Show
View Real Time Build Order
Export as new Build Order

Yocto Zerg - Winner!

Build Orders: Hatch First 

Get SALT Encoding   

  12  0:01  Drone  
  13  0:14  Overlord  
  13  0:19  Drone  
  14  0:33  Drone  
  14  0:34  Drone  
  16  0:36  Drone  
  17  1:02  Hatchery, Drone x2  
  18  1:07  Extractor  
  17  1:21  Spawning Pool  
  16  1:27  Drone x2  
  18  1:33  Drone  
  19  1:43  Overlord  
  19  1:53  Drone  
  20  2:09  Zergling x2  
  20  2:10  Queen  
  20  2:15  Queen, Zergling x2  
  24  2:18  Metabolic Boost  
  26  2:29  Drone  
  28  2:30  Drone x2  
  29  2:40  Drone x2  
  31  2:48  Queen  
  33  2:54  Overlord  
  33  2:58  Queen  
  34  3:08  Overlord  
  34  3:14  Spine Crawler  
  34  3:17  Baneling Nest, Zergling x2  
  33  3:23  Zergling x2  
  33  3:24  Zergling x4  
  31  3:41  Zergling x4  
  31  3:42  Zergling x8  
  31  3:48  Zergling x4  
  39  3:54  Zergling x2  
  40  3:59  Zergling x6  
  40  4:00  Zergling x2  
  43  4:13  Zergling x2  
  43  4:14  Overlord  
  43  4:22  Overlord x2  
  43  4:28  Overlord  
  43  4:33  Baneling  
  43  4:34  Baneling x4  
  43  4:36  Zergling x4  
  45  4:46  Zergling x2  
  45  4:47  Zergling x8  
  47  5:02  Zergling x2  
  47  5:03  Zergling x10  
  49  5:13  Zergling x2  
  49  5:14  Zergling x4  
  50  5:20  Baneling x5  
  50  5:21  Baneling x2  
  49  5:23  Zergling x2  
  49  5:30  Zergling x6  
  49  5:52  Baneling x2  
  49  5:53  Baneling x5  
  49  5:54  Zergling x6  
  49  5:55  Zergling x4  
  52  6:00  Overlord  
Show
View Real Time Build Order
Export as new Build Order

MoTbKa Terran 

Build Orders:  

Get SALT Encoding   

  12  0:00  SCV  
  13  0:12  SCV  
  14  0:18  Supply Depot  
  14  0:25  SCV  
  15  0:40  SCV  
  15  0:42  Barracks  
  16  0:52  SCV  
  17  1:01  Barracks  
  17  1:04  SCV  
  18  1:16  SCV  
  19  1:19  Barracks  
  19  1:28  SCV  
  19  1:29  Marine  
  19  1:30  Supply Depot  
  21  1:35  Refinery  
  21  1:43  Refinery  
  21  1:49  Marine  
  22  2:04  Marine  
  22  2:05  Engineering Bay  
  22  2:07  SCV  
  24  2:09  Marine  
  24  2:10  Marine  
  26  2:17  Supply Depot  
  26  2:19  SCV  
  26  2:22  Marine  
  28  2:29  Marine x2  
  30  2:37  Terran Infantry Weapons Level 1  
  30  2:45  Marine  
  30  2:50  Marine x2  
  33  3:04  Barracks Reactor  
  33  3:09  Barracks Reactor  
  33  3:10  Barracks Tech Lab  
  33  3:24  Command Center  
  33  3:29  Marine  
  33  3:46  Marine  
  32  3:52  Marine x3  
  32  3:53  Marine  
  32  4:04  Marine  
  33  4:10  Marine x3  
  33  4:13  Factory  
  33  4:18  Marine  
  33  4:22  Marine  
  33  4:23  Combat Shield  
  34  4:34  Marine x2  
  34  4:35  Marine  
  37  4:41  SCV  
  37  4:42  SCV  
  39  4:47  Marine  
  39  4:49  Marine  
  26  5:16  Marine x3  
  26  5:18  Factory Tech Lab  
  28  5:26  Marine  
  28  5:28  Marine  
  28  5:46  Supply Depot  
  28  6:02  Marine x3  
  31  6:11  Supply Depot  
Tags
 
League
Platinum
Matchup
TvZ
Replay Pack
Yocto
Spawn Locations
Cross Positions
Add a new tag
Caveats
  • Supply blocks, unpowered buildings, or Contaminate may cause inaccurate times.
  • Supply counts are checked every 10 seconds.